[Event "Estonian Women's Chess Championship 2022"]
[Site "Tallinn, Paul Keres Chess House, Estonia"]
[Date "2022.12.13"]
[Round "4.2"]
[White "Ivanova, Lidia"]
[Black "Sinitsina, Anastassia"]
[Result "0-1"]
[TimeControl "90 minutes for first 40 moves and 15 min. for the rest of the game with 30 sec. increment from move 1"]
[BlackTitle "WFM"]
[WhiteFideId "4506480"]
[BlackFideId "4504640"]
[WhiteElo "1482"]
[BlackElo "2175"]

1. e4 e5 2. Nf3 Nc6 3. Nc3 Nf6 4. Bb5 Bd6 5. O-O O-O 6. d3 h6 7. Re1 a6 8. Ba4 Re8 9. Nd5 b5 10. Bb3 Na5 11. Ne3 Nxb3 12. axb3 Bf8 13. Bd2 d5 14. exd5 Nxd5 15. Nf1 Bd6 16. Ng3 f5 17. c4 Nf4 18. Bc3 bxc4 19. bxc4 Ng6 20. b4 c6 21. Qc2 Rb8 22. c5 Bc7 23. Qa2+ Kh7 24. Rad1 Rb5 25. Qa1 Qd5 26. Rd2 Re7 27. Qa2 Nf4 28. Qxd5 Nxd5 29. Bxe5 Rxb4 30. h3 a5 31. Rde2 a4 32. Bxc7 Rxc7 33. Nxf5 Bxf5 34. Ne5 a3 35. g4 Bc8 36. Nc4 Nf4 37. Re3 a2 0-1

[Event "Estonian Women's Chess Championship 2022"]
[Site "Tallinn, Paul Keres Chess House, Estonia"]
[Date "2022.12.14"]
[Round "5.1"]
[White "Levchenko, Marina"]
[Black "Ivanova, Lidia"]
[Result "0-1"]
[TimeControl "90 minutes for first 40 moves and 15 min. for the rest of the game with 30 sec. increment from move 1"]
[WhiteFideId "4508548"]
[BlackFideId "4506480"]
[WhiteElo "1625"]
[BlackElo "1482"]

1. d4 Nf6 2. c4 g6 3. Nc3 d5 4. cxd5 Nxd5 5. e4 Nxc3 6. bxc3 Bg7 7. Bc4 c5 8. Ne2 O-O 9. O-O Qa5 10. Be3 Nc6 11. Rc1 e6 12. f4 b5 13. Bb3 c4 14. Bc2 Rb8 15. f5 exf5 16. exf5 Qd8 17. Qd2 Re8 18. Ng3 b4 19. Qf2 bxc3 20. f6 Rxe3 21. fxg7 Re7 22. Ne2 Bg4 23. Rce1 Rbb7 24. Nxc3 Qxd4 25. Qxd4 Nxd4 26. Be4 Ne2+ 27. Nxe2 Rxe4 28. Nc3 Rxe1 29. Rxe1 Be6 30. Re2 Kxg7 31. Kf2 h5 32. h3 Rd7 33. Ne4 Bf5 34. Nc3 Rd3 35. Re3 Rd2+ 36. Re2 Rxe2+ 37. Kxe2 Bd3+ 38. Ke3 g5 39. g3 h4 40. gxh4 gxh4 41. Kf4 a6 42. Kg5 Bf1 43. Ne4 Bxh3 44. Kxh4 Bf1 45. Kg5 Be2 46. Nc3 Bd3 47. Nd5 Bb1 48. Nc3 f6+ 49. Kf4 Bd3 50. Nd5 Kf7 51. Ke3 a5 52. Kd4 f5 53. Ke5 Kg6 54. Nf4+ Kg5 55. Nd5 Kg4 56. Nf4 Bb1 57. a3 c3 58. a4 c2 59. Ne2 f4 0-1

[Event "Estonian Women's Chess Championship 2022"]
[Site "Tallinn, Paul Keres Chess House, Estonia"]
[Date "2022.12.14"]
[Round "5.2"]
[White "Haapsal, Maria Ioanna"]
[Black "Blokhin, Sofia"]
[Result "0-1"]
[TimeControl "90 minutes for first 40 moves and 15 min. for the rest of the game with 30 sec. increment from move 1"]
[BlackTitle "WFM"]
[WhiteFideId "4512286"]
[BlackFideId "4508190"]
[WhiteElo "1386"]
[BlackElo "2065"]

1. e4 c5 2. Nf3 e6 3. d4 cxd4 4. Nxd4 a6 5. c4 Nf6 6. Nc3 Bb4 7. Qd3 Qc7 8. Be2 Nc6 9. Nxc6 dxc6 10. Be3 e5 11. O-O Be6 12. f3 O-O 13. Rad1 b5 14. cxb5 axb5 15. a3 Be7 16. Qc2 Qb7 17. Kh1 Nh5 18. Rfe1 Rfb8 19. Rd2 b4 20. axb4 Qxb4 21. Bd1 Ra1 22. Rg1 Nf4 23. Ne2 Bg5 24. Nxf4 Bxf4 25. Bxf4 exf4 26. Be2 Rxg1+ 27. Kxg1 Qb6+ 28. Kh1 Bb3 29. Qc1 Qe3 30. g3 h6 31. Qc3 Qf2 32. Ba6 Qb6 33. Bc4 Bxc4 34. Qxc4 Ra8 35. Qd4 Qb5 36. Kg2 fxg3 37. hxg3 Qg5 38. f4 Qh5 39. b3 Qg4 40. Qd7 Qg6 41. Qd4 h5 42. Kh2 Re8 43. e5 Ra8 44. Qd6 Qe4 45. Qd3 Qe1 46. Qe2 Qc1 47. Rc2 Qb1 48. Rb2 Qf5 49. Qc2 Qe6 50. Qc4 Qd7 51. Rc2 Rc8 52. Qc5 Qd3 53. Qc3 Qf5 54. Qd2 Kh7 55. Rc3 g6 56. Qd3 Qg4 57. Qf3 Qe6 58. Qd3 Ra8 59. Qc2 Ra6 60. Rc4 Qd5 61. Rc5 Qf3 62. Rc3 Qf1 63. Qg2 Qb1 64. Rc2 Qxb3 65. Rb2 Qe6 66. Qe2 Ra3 67. Rc2 Qb3 68. Qf2 Qd5 69. Rd2 Qe4 70. Re2 Qf5 71. Qf1 Qd3 72. Qg2 Ra1 73. Rd2 Qb1 74. Qxc6 Qg1+ 75. Kh3 Ra3 76. Qg2 Qc1 77. Qd5 Qc8+ 78. Qd7 Qc4 79. Qd5 Qxf4 80. Rg2 h4 81. Qd2 Rxg3+ 82. Kh2 Rxg2+ 0-1

[Event "Estonian Chess Championship 2022"]
[Site "Tallinn, Paul Keres Chess House, Estonia"]
[Date "2022.12.18"]
[Round "9.1"]
[White "Sirosh, Ilja"]
[Black "Kanep, Meelis"]
[Result "1/2-1/2"]
[TimeControl "90 minutes for first 40 moves and 15 min. for the rest of the game with 30 sec. increment from move 1"]
[WhiteTitle "IM"]
[BlackTitle "GM"]
[WhiteFideId "4500458"]
[BlackFideId "4501047"]
[WhiteElo "2386"]
[BlackElo "2412"]

1. e4 c5 2. c3 d5 3. exd5 Nf6 4. Bb5+ Nbd7 5. Qb3 g6 6. Nf3 Bg7 7. O-O O-O 8. Be2 Nb6 9. d4 cxd4 10. Nxd4 Nbxd5 11. c4 Nb6 12. Rd1 Qc7 13. h3 a6 14. Be3 Nbd7 15. Nc3 e6 16. Rac1 b6 17. Qc2 Bb7 18. b4 Rac8 19. Nb3 Rfd8 20. c5 bxc5 21. Nxc5 Nxc5 22. Rxd8+ Rxd8 23. bxc5 Qc8 24. Qa4 Qa8 25. Bf1 a5 26. Qh4 Nd5 27. Nxd5 Bxd5 28. a4 Rb8 29. Qg3 Bc6 30. Bb5 e5 31. Qg4 h5 32. Bxc6 Qxc6 33. Qd1 Bf8 34. Rb1 Rc8 35. Rb5 Qe4 36. Rxa5 Qc4 37. Rb5 Ra8 38. Qb3 Rxa4 39. Qxc4 Rxc4 40. Rb8 Kg7 41. Rc8 Be7 42. Kf1 f5 43. c6 Bc5 44. Bxc5 1/2-1/2

[Event "Estonian Chess Championship 2022"]
[Site "Tallinn, Paul Keres Chess House, Estonia"]
[Date "2022.12.18"]
[Round "9.2"]
[White "Kulaots, Kaido"]
[Black "Rychagov, Nikita"]
[Result "1/2-1/2"]
[TimeControl "90 minutes for first 40 moves and 15 min. for the rest of the game with 30 sec. increment from move 1"]
[WhiteTitle "GM"]
[WhiteFideId "4500261"]
[BlackFideId "4508394"]
[WhiteElo "2513"]
[BlackElo "2180"]

1. d4 d5 2. c4 e6 3. Nc3 Nf6 4. cxd5 exd5 5. Bg5 c6 6. e3 h6 7. Bh4 Be7 8. Bd3 O-O 9. Nge2 Re8 10. O-O Nbd7 11. f3 b5 12. Bf2 a6 13. Rc1 c5 14. dxc5 Bxc5 15. Nd4 Bb7 16. Bf5 Bf8 17. a4 b4 18. Nce2 Ne5 19. b3 g6 20. Bb1 Qd6 21. Qd2 Rac8 22. Nf4 Rxc1 23. Rxc1 Rc8 24. Rxc8 Bxc8 25. Qc2 Bb7 26. Bg3 Qe7 27. Qc1 Ne8 28. Nd3 Nxd3 29. Bxd3 Qc5 30. Qxc5 Bxc5 31. Kf2 Kf8 32. h4 h5 33. Bf4 Ke7 34. g4 hxg4 35. fxg4 Nd6 36. h5 Ne4+ 37. Kg2 gxh5 38. gxh5 Kf6 39. h6 Kg6 40. Nf5 Bf8 41. Nd6 Bxd6 42. Bxd6 Kxh6 43. Bxb4 d4 44. Kf1 dxe3 45. Ke2 f5 46. Kxe3 Kg5 47. Kd4 Kf4 48. a5 Kf3 49. Be7 f4 50. b4 Ng3 51. Kc5 Ke3 52. Bc4 f3 53. Kb6 Be4 54. Bc5+ Kd2 55. Bxa6 Nf5 56. Bc8 Ne3 57. a6 f2 58. Bh3 Nd5+ 59. Ka7 Nxb4 60. Bxb4+ Ke2 61. Bc5 f1=Q 62. Bxf1+ Kxf1 63. Kb8 Ke2 64. a7 Kd3 65. a8=Q Bxa8 66. Kxa8 1/2-1/2

[Event "Estonian Chess Championship 2022"]
[Site "Tallinn, Paul Keres Chess House, Estonia"]
[Date "2022.12.18"]
[Round "9.3"]
[White "Soot, Margus"]
[Black "Seeman, Tarvo"]
[Result "0-1"]
[TimeControl "90 minutes for first 40 moves and 15 min. for the rest of the game with 30 sec. increment from move 1"]
[BlackTitle "IM"]
[WhiteFideId "4501160"]
[BlackFideId "4500547"]
[WhiteElo "2121"]
[BlackElo "2405"]

1. c4 e5 2. g3 c6 3. d4 e4 4. Nc3 d5 5. cxd5 cxd5 6. Qb3 Nf6 7. Bg5 Nbd7 8. Bh3 Bd6 9. O-O-O O-O 10. Nxd5 h6 11. Nxf6+ Nxf6 12. Bxf6 Qxf6 13. f4 a5 14. Kb1 a4 15. Qd5 a3 16. b3 Qe7 17. e3 Rd8 18. Qb5 Bb4 19. Bxc8 Rdxc8 20. Qe2 Rc3 21. Nh3 Qe6 0-1

[Event "Estonian Chess Championship 2022"]
[Site "Tallinn, Paul Keres Chess House, Estonia"]
[Date "2022.12.18"]
[Round "9.4"]
[White "Timoshin, Andrei"]
[Black "Volodin, Aleksandr"]
[Result "1/2-1/2"]
[TimeControl "90 minutes for first 40 moves and 15 min. for the rest of the game with 30 sec. increment from move 1"]
[BlackTitle "GM"]
[WhiteFideId "4503503"]
[BlackFideId "4501950"]
[WhiteElo "2179"]
[BlackElo "2440"]

1. Nf3 d5 2. e3 Nf6 3. c4 e6 4. Nc3 a6 5. b3 c5 6. cxd5 exd5 7. d4 Nc6 8. Bb2 Bd6 9. dxc5 Bxc5 10. Be2 O-O 11. O-O Re8 12. Rc1 Ba7 13. Na4 Ne4 14. Nd4 Bd7 15. Nxc6 Bxc6 16. Bd4 Bxa4 17. bxa4 Bb8 18. g3 Bd6 19. Bf3 Qd7 20. Bxe4 dxe4 21. Rb1 Bf8 22. Qb3 b5 23. axb5 axb5 24. Qxb5 Qh3 25. a4 Re6 26. f4 exf3 27. Rxf3 Rea6 28. Qd5 Qe6 29. Qxe6 Rxe6 30. Rf2 Rxa4 31. Rb8 Rc6 32. Rfb2 Rac4 33. Ra8 Rc8 34. Rbb8 Rxb8 35. Rxb8 f6 36. Kg2 Kf7 37. Kf3 Rc2 38. Rb2 Rc1 39. Rb8 Bd6 40. Rd8 Ke6 41. Rg8 Rc7 42. h4 Kf5 43. Rd8 Be7 44. Ra8 Rc1 45. Ra1 Rc2 46. Ra7 Ke6 47. Ra6+ Bd6 48. Ra7 Bc7 49. Ra8 Bd6 50. Ra7 Be7 51. Ra8 Kf7 52. Ra7 h5 53. Bb6 Ke6 54. Rc7 Rxc7 55. Bxc7 Bc5 56. e4 Bd6 57. Bd8 Ke5 58. Ke3 Bc5+ 59. Kf3 Bd6 60. Ke3 Bb8 61. Bb6 g5 62. Bd4+ Ke6 63. Bxf6 Kxf6 64. hxg5+ Kxg5 65. Kf3 Be5 66. Kg2 Kg4 67. Kh1 Kf3 68. Kg1 Kxe4 69. Kg2 Kf5 70. Kf3 Kg5 71. Kf2 Kg4 72. Kg2 Bd6 73. Kf2 Kh3 74. Kg1 Bc5+ 75. Kh1 Bf2 76. g4 hxg4 1/2-1/2

[Event "Estonian Chess Championship 2022"]
[Site "Tallinn, Paul Keres Chess House, Estonia"]
[Date "2022.12.18"]
[Round "9.5"]
[White "Medar, Marti"]
[Black "Kiik, Kalle"]
[Result "0-1"]
[TimeControl "90 minutes for first 40 moves and 15 min. for the rest of the game with 30 sec. increment from move 1"]
[BlackTitle "IM"]
[WhiteFideId "4501870"]
[BlackFideId "4500075"]
[WhiteElo "2069"]
[BlackElo "2369"]

1. c4 e6 2. Nf3 d5 3. e3 c5 4. cxd5 exd5 5. d4 Nf6 6. Nc3 a6 7. Be2 Nc6 8. O-O Bd6 9. dxc5 Bxc5 10. Qa4 O-O 11. Rd1 Be6 12. a3 Bd6 13. e4 b5 14. Qc2 Rc8 15. exd5 Nxd5 16. Ng5 g6 17. Nxd5 Bxd5 18. Qd3 Ne7 19. Qh3 h5 20. Bxh5 Kg7 21. Bxg6 fxg6 22. Qh7+ Kf6 23. Rxd5 Bxh2+ 24. Qxh2 Qxd5 25. Be3 Rh8 26. Qf4+ Nf5 27. Ne4+ Kg7 28. Bd2 Rh4 29. g4 Rf8 30. Bc3+ Kg8 31. Qg5 Qc6 32. gxf5 Rxe4 33. fxg6 Qe6 34. Qh6 Qg4+ 35. Kh1 Qf3+ 36. Kh2 Qxf2+ 0-1